Montreal Canadiens vs Colorado Rockies
Created - Thursday, June 15, 2023 at 07:02
Goals
|
| Montreal Canadiens |
1 |
1 |
0 |
0 |
1 |
3 |
| Colorado Rockies |
1 |
1 |
0 |
0 |
0 |
2 |
|
Shots
|
| Montreal Canadiens |
10 |
15 |
5 |
0 |
3 |
30 |
| Colorado Rockies |
19 |
13 |
5 |
3 |
3 |
40 |
|
1st period
1. Montreal Canadiens , Filip Forsberg 35 (Adam Fox 32, Tyler Myers 14) at 3:10
2. Colorado Rockies , Jesper Bratt 18 (Shea Theodore 15) at 13:23
Penalties :
Scott Mayfield (MTL) for Interference (Minor) at 5:02, Tyler Myers (MTL) for Hooking (Minor) at 13:47
2nd period
3. Montreal Canadiens , Dylan Larkin 24 (Filip Hronek 27, Jonathan Marchessault 20) at 6:17
4. Colorado Rockies , Nikita Kucherov 28 (Evgeny Kuznetsov 44, Zach Werenski 22) at 18:58
Penalties :
Patrik Laine (MTL) for Roughing (Minor) at 1:19, Evgeny Kuznetsov (COL) for Interference (Minor) at 7:16, Tyler Myers (MTL) for Interference (Minor) at 12:25, Scott Mayfield (MTL) for Hooking (Minor) at 19:01
3rd period
No Goal
Penalties :
Tyler Myers (MTL) for Holding (Minor) at 5:05, Martin Fehervary (COL) for Hooking (Minor) at 7:49, Dylan Strome (COL) for Holding (Minor) at 10:08, Adam Fox (MTL) for Roughing (Minor) at 11:32, Jack Quinn (MTL) for Roughing (Double Minor) at 16:19
Overtime #1
No Goal
Penalties :
No Penalty
Shootout
Montreal Canadiens, Sidney Crosby - Stopped by Ilya Samsonov
Colorado Rockies, Kevin Hayes - Stopped by Jacob Markstrom
Montreal Canadiens, Filip Forsberg - Stopped by Ilya Samsonov
Colorado Rockies, Jesper Bratt - Shot Misses the Net
Montreal Canadiens, Dylan Larkin - Goal!
Colorado Rockies, Evgeny Kuznetsov - Shot Misses the Net
Penalties :
No Penalty
Goalie Stats
Jacob Markstrom (MTL), 38 saves from 40 shots - (0.950), W, 32-18-8, 65:00 minutes
Ilya Samsonov (COL), 28 saves from 30 shots - (0.933), OTL, 13-5-1, 65:00 minutes
Players Stats for Montreal Canadiens
Player Name G A P +/- PIM S H SB GA TA FO MP PP MP PK MP
------------------------------------------------------------------------------------
Adam Fox 0 1 1 1 2 2 1 1 0 0 0/0 25:40 2:41 7:17
Alexandre Carrier 0 0 0 0 0 1 0 0 0 2 0/0 17:00 0:00 4:25
Brady Skjei 0 0 0 -1 0 0 1 2 0 1 0/0 26:39 2:40 9:09
Christian Fischer 0 0 0 -1 0 0 2 0 0 0 0/0 6:29 0:00 0:00
Dylan Larkin 1 0 1 0 0 2 0 1 1 0 17/25 23:02 2:36 7:50
Filip Forsberg 1 0 1 1 0 1 1 1 1 1 1/4 22:27 2:46 7:45
Filip Hronek 0 1 1 -1 0 1 1 1 0 1 0/0 25:12 2:40 7:51
Jack Quinn 0 0 0 -1 4 2 0 0 0 0 0/0 6:50 0:00 0:00
Jake Evans 0 0 0 0 0 4 0 0 0 0 0/0 10:40 0:00 0:00
Jonathan Marchessault 0 1 1 0 0 6 0 0 1 1 0/4 14:22 2:36 1:40
Martin Necas 0 0 0 0 0 1 0 1 0 0 3/11 11:12 0:00 0:00
Miles Wood 0 0 0 0 0 1 1 1 0 0 0/0 12:15 2:36 0:23
Patrik Laine 0 0 0 1 2 2 2 0 1 0 0/0 22:22 2:46 6:49
Scott Mayfield 0 0 0 0 4 0 0 0 0 0 0/0 14:13 0:00 1:01
Sidney Crosby 0 0 0 1 0 5 0 1 0 0 9/23 22:26 2:46 7:52
Tomas Nosek 0 0 0 -1 0 1 1 0 0 0 2/5 6:29 0:00 0:00
Tyler Myers 0 1 1 1 6 0 2 0 0 0 0/0 22:32 2:42 4:51
Tyson Jost 0 0 0 0 0 1 2 1 0 1 0/0 12:10 0:00 1:56
Players Stats for Colorado Rockies
Player Name G A P +/- PIM S H SB GA TA FO MP PP MP PK MP
------------------------------------------------------------------------------------
David Pastrnak 0 0 0 0 0 2 1 0 2 0 2/2 18:22 7:29 0:00
Dylan Strome 0 0 0 0 2 2 1 0 1 0 5/12 12:27 0:43 0:00
Evgeny Kuznetsov 0 1 1 0 2 2 3 1 0 1 18/30 20:43 8:46 0:00
Jakub Vrana 0 0 0 0 0 3 0 0 1 0 0/0 6:14 0:00 0:00
Jesper Bratt 1 0 1 0 0 4 2 0 0 0 1/2 13:48 0:43 0:00
Kevin Hayes 0 0 0 0 0 2 1 1 1 0 1/1 9:38 0:00 3:17
Kyle Connor 0 0 0 0 0 0 1 0 0 0 0/0 19:25 8:46 1:35
Martin Fehervary 0 0 0 1 2 0 0 0 0 0 0/0 11:16 0:36 1:28
Nick Bonino 0 0 0 0 0 1 0 1 0 0 5/10 9:38 0:00 3:17
Nick Schmaltz 0 0 0 0 0 2 0 1 0 0 0/0 18:37 7:29 0:30
Nikita Kucherov 1 0 1 0 0 10 0 0 1 1 0/1 20:39 8:46 0:00
Quinn Hughes 0 0 0 -1 0 1 3 0 0 1 0/0 25:19 6:22 1:03
Roman Josi 0 0 0 0 0 2 2 0 0 0 0/0 27:44 9:59 2:51
Ryan O'Reilly 0 0 0 0 0 2 2 0 0 0 8/13 19:57 7:29 1:35
Shea Theodore 0 1 1 1 0 1 1 2 0 0 0/0 10:51 1:09 0:00
Tim Stutzle 0 0 0 0 0 3 1 0 0 0 0/1 14:26 0:43 0:30
Victor Hedman 0 0 0 -2 0 2 2 4 1 0 0/0 30:24 8:31 2:51
Zach Werenski 0 1 1 1 0 1 0 1 0 1 0/0 24:32 7:19 2:31
3 Stars
1 - Jacob Markstrom (MTL)
2 - Filip Forsberg (MTL)
3 - Jesper Bratt (COL)
Power Play
Montreal Canadiens - 0 on 3 Attempt(s) - 0.00%
Colorado Rockies - 0 on 9 Attempt(s) - 0.00%
Penalty Kill
Montreal Canadiens - 9 on 9 Attempt(s) - 100.00%
- Score 0 goal in Penalty Kill
Colorado Rockies - 3 on 3 Attempt(s) - 100.00%
- Score 0 goal in Penalty Kill
Team Stat
Montreal Canadiens - Hits : 14 - Faceoff Wins : 32 - Blocked Shots : 10 - Penalty Minutes : 18
Colorado Rockies - Hits : 20 - Faceoff Wins : 40 - Blocked Shots : 11 - Penalty Minutes : 6
Official
Referees : Jon Mclsaac and Gord Dwyer
Linesman : Brad Kovachik and Brian Murphy
Game Notes
No Game Note
Finance
Level 1 -- Attendance: 6000 (100.00%) -- Ticket Income $540,000
Level 2 -- Attendance: 5000 (100.00%) -- Ticket Income $275,000
Level 3 -- Attendance: 2322 (77.40%) -- Ticket Income $81,270
Level 4 -- Attendance: 4027 (80.54%) -- Ticket Income $100,675
Luxury Box -- Attendance: 949 (94.90%) -- Ticket Income $166,075
Game was played at the Pepsi Center.
Total Attendance: 18298 (91.49%)
Total Ticket Income: $1,163,020
Other Income: $407,057
Total Income: $1,570,077
Montreal Canadiens
5 vs 5 Forward
Center Left Wing Right Wing Time % Phy DF OF
1 Sidney Crosby Filip Forsberg Patrik Laine 30 1 1 3
2 Dylan Larkin Jonathan Marchessault Miles Wood 30 1 1 3
3 Martin Necas Tyson Jost Jake Evans 25 1 3 1
4 Tomas Nosek Christian Fischer Jack Quinn 15 1 3 1
5 vs 5 Defense
Defense Defense Time % Phy DF OF
1 Adam Fox Tyler Myers 30 1 2 2
2 Brady Skjei Filip Hronek 30 1 2 2
3 Scott Mayfield Alexandre Carrier 25 1 2 2
4 Adam Fox Tyler Myers 15 1 2 2
PowerPlay Forward
Center Left Wing Right Wing Time % Phy DF OF
1 Sidney Crosby Filip Forsberg Patrik Laine 50 1 0 4
2 Dylan Larkin Jonathan Marchessault Miles Wood 50 1 0 4
PowerPlay Defense
Defense Defense Time % Phy DF OF
1 Adam Fox Tyler Myers 50 1 1 3
2 Brady Skjei Filip Hronek 50 1 1 3
Penalty Kill 4 Players Forward
Center Wing Time % Phy DF OF
1 Sidney Crosby Filip Forsberg 50 1 4 0
2 Dylan Larkin Patrik Laine 50 1 4 0
Penalty Kill 4 Players Defense
Defense Defense Time % Phy DF OF
1 Adam Fox Tyler Myers 50 1 4 0
2 Brady Skjei Filip Hronek 50 1 4 0
Penalty Kill - 3 Players Forward
Forward Time % Phy DF OF
1 Sidney Crosby 50 1 4 0
2 Filip Forsberg 50 1 4 0
Penalty Kill - 3 Players Defense
Defense Defense Time % Phy DF OF
1 Adam Fox Tyler Myers 50 1 4 0
2 Brady Skjei Filip Hronek 50 1 4 0
4 vs 4 Forward
Center Wing Time % Phy DF OF
1 Sidney Crosby Filip Forsberg 50 1 2 2
2 Dylan Larkin Patrik Laine 50 1 2 2
4 vs 4 Defense
Defense Defense Time % Phy DF OF
1 Adam Fox Tyler Myers 50 1 2 2
2 Brady Skjei Filip Hronek 50 1 2 2
Last Minutes Offensive
Center Left Wing Right Wing Defense Defense
Sidney Crosby Filip Forsberg Patrik Laine Adam Fox Tyler Myers
Last Minutes Defensive
Center Left Wing Right Wing Defense Defense
Sidney Crosby Filip Forsberg Patrik Laine Adam Fox Tyler Myers
Goaltenders
Starting : Jacob Markstrom
Backup : Alex Nedeljkovic
Extra Forwards
Normal : Martin Necas, Jake Evans, Tyson Jost - PP : Martin Necas, Jake Evans - PK : Tyson Jost
Extra Defensemen
Normal : Scott Mayfield, Alexandre Carrier, Brady Skjei - PP : Scott Mayfield - PK : Alexandre Carrier, Brady Skjei
Penalty Shots
Sidney Crosby, Filip Forsberg, Dylan Larkin, Patrik Laine, Jonathan Marchessault
Colorado Rockies
5 vs 5 Forward
Center Left Wing Right Wing Time % Phy DF OF
1 Evgeny Kuznetsov Kyle Connor Nikita Kucherov 31 1 2 2
2 Ryan O'Reilly Nick Schmaltz David Pastrnak 31 1 2 2
3 Dylan Strome Tim Stutzle Jesper Bratt 31 1 2 2
4 Nick Bonino Jakub Vrana Kevin Hayes 7 1 2 2
5 vs 5 Defense
Defense Defense Time % Phy DF OF
1 Victor Hedman Quinn Hughes 42 1 2 2
2 Roman Josi Zach Werenski 31 1 2 2
3 Shea Theodore Martin Fehervary 20 1 2 2
4 Roman Josi Victor Hedman 7 1 2 2
PowerPlay Forward
Center Left Wing Right Wing Time % Phy DF OF
1 Evgeny Kuznetsov Kyle Connor Nikita Kucherov 58 1 1 3
2 Ryan O'Reilly Nick Schmaltz David Pastrnak 42 1 2 2
PowerPlay Defense
Defense Defense Time % Phy DF OF
1 Victor Hedman Roman Josi 60 1 2 2
2 Zach Werenski Quinn Hughes 40 1 2 2
Penalty Kill 4 Players Forward
Center Wing Time % Phy DF OF
1 Nick Bonino Kevin Hayes 60 1 2 2
2 Ryan O'Reilly Kyle Connor 40 1 2 2
Penalty Kill 4 Players Defense
Defense Defense Time % Phy DF OF
1 Roman Josi Victor Hedman 60 1 2 2
2 Zach Werenski Martin Fehervary 40 1 2 2
Penalty Kill - 3 Players Forward
Forward Time % Phy DF OF
1 Kevin Hayes 60 1 2 2
2 Ryan O'Reilly 40 1 2 2
Penalty Kill - 3 Players Defense
Defense Defense Time % Phy DF OF
1 Roman Josi Victor Hedman 60 1 2 2
2 Zach Werenski Martin Fehervary 40 1 2 2
4 vs 4 Forward
Center Wing Time % Phy DF OF
1 Evgeny Kuznetsov Nikita Kucherov 60 1 2 2
2 Ryan O'Reilly David Pastrnak 40 1 2 2
4 vs 4 Defense
Defense Defense Time % Phy DF OF
1 Zach Werenski Roman Josi 60 1 2 2
2 Victor Hedman Quinn Hughes 40 1 2 2
Last Minutes Offensive
Center Left Wing Right Wing Defense Defense
Evgeny Kuznetsov Kyle Connor Nikita Kucherov Victor Hedman Roman Josi
Last Minutes Defensive
Center Left Wing Right Wing Defense Defense
Evgeny Kuznetsov Kyle Connor Nikita Kucherov Victor Hedman Roman Josi
Goaltenders
Starting : Ilya Samsonov
Backup : Andrei Vasilevskiy
Extra Forwards
Normal : Jesper Bratt, Tim Stutzle, Nick Schmaltz - PP : Jesper Bratt, Tim Stutzle - PK : Kevin Hayes
Extra Defensemen
Normal : Shea Theodore, Roman Josi, Zach Werenski - PP : Shea Theodore - PK : Roman Josi, Zach Werenski
Penalty Shots
Kevin Hayes, Jesper Bratt, Evgeny Kuznetsov, Tim Stutzle, Jakub Vrana
% Time on Ice - Montreal Canadiens
Lines # - Real PCT - Wanted PCT - Time Play
Normal Forward
1 - 27% - 30% - 10:04
2 - 29% - 30% - 10:44
3 - 26% - 25% - 9:48
4 - 17% - 15% - 6:29
Normal Defense
1 - 32% - 30% - 12:02
2 - 30% - 30% - 11:07
3 - 28% - 25% - 10:25
4 - 9% - 15% - 3:31
PP Forward
1 - 52% - 50% - 2:46
2 - 48% - 50% - 2:36
PP Defense
1 - 50% - 50% - 2:42
2 - 50% - 50% - 2:40
PK Forward
1 - 49% - 50% - 8:14
2 - 51% - 50% - 8:44
PK Defense
1 - 54% - 50% - 9:06
2 - 46% - 50% - 7:52
PK3 Forward
1 - 68% - 50% - 0:13
2 - 32% - 50% - 0:06
PK3 Defense
1 - 68% - 50% - 0:13
2 - 32% - 50% - 0:06
44 Forward
1 - 45% - 50% - 2:23
2 - 55% - 50% - 2:53
44 Defense
1 - 41% - 50% - 2:10
2 - 59% - 50% - 3:06
Last Minute Offensive - 0:00
Last Minute Defensive - 0:00
Total
Forward - 65:00
Defense - 65:00
|
% Time on Ice - Colorado Rockies
Lines # - Real PCT - Wanted PCT - Time Play
Normal Forward
1 - 26% - 31% - 9:48
2 - 27% - 31% - 9:50
3 - 30% - 31% - 11:13
4 - 17% - 7% - 6:14
Normal Defense
1 - 45% - 42% - 16:31
2 - 30% - 31% - 11:17
3 - 23% - 20% - 8:29
4 - 2% - 7% - 0:48
PP Forward
1 - 55% - 58% - 9:17
2 - 45% - 42% - 7:41
PP Defense
1 - 59% - 60% - 10:00
2 - 41% - 40% - 6:58
PK Forward
1 - 70% - 60% - 3:47
2 - 30% - 40% - 1:35
PK Defense
1 - 53% - 60% - 2:51
2 - 47% - 40% - 2:31
PK3 Forward
1 - 0% - 60%
2 - 0% - 40%
PK3 Defense
1 - 0% - 60%
2 - 0% - 40%
44 Forward
1 - 81% - 60% - 4:32
2 - 19% - 40% - 1:03
44 Defense
1 - 69% - 60% - 3:52
2 - 31% - 40% - 1:43
Last Minute Offensive - 0:00
Last Minute Defensive - 0:00
Total
Forward - 65:00
Defense - 65:00
|
Play-by-Play
1st period
0:01 of 1st period - Evgeny Kuznetsov wins face-off versus Sidney Crosby in neutral zone.
0:08 of 1st period - Snap shot by Nikita Kucherov.
0:08 of 1st period - Stopped by Jacob Markstrom without a rebound.
0:09 of 1st period - Evgeny Kuznetsov wins face-off versus Sidney Crosby in Montreal Canadiens zone.
0:10 of 1st period - Snap shot by Nikita Kucherov.
0:10 of 1st period - Shot Blocked by Adam Fox.
0:12 of 1st period - Backhand shot by Evgeny Kuznetsov.
0:12 of 1st period - Stopped by Jacob Markstrom with a rebound.
0:14 of 1st period - Snap shot by Victor Hedman.
0:14 of 1st period - Deflect By Tyler Myers.
0:14 of 1st period - Stopped by Jacob Markstrom without a rebound.
0:15 of 1st period - Ryan O'Reilly wins face-off versus Jonathan Marchessault in Montreal Canadiens zone.
1:05 of 1st period - Jakub Vrana is hit by Tomas Nosek and loses puck.
1:13 of 1st period - Off-side.
1:14 of 1st period - Evgeny Kuznetsov wins face-off versus Sidney Crosby in neutral zone.
1:41 of 1st period - Nick Schmaltz is hit by Miles Wood and loses puck.
2:26 of 1st period - Wrist shot by Nikita Kucherov.
2:26 of 1st period - Stopped by Jacob Markstrom with a rebound.
2:28 of 1st period - Snap shot by Shea Theodore.
2:28 of 1st period - Shot Misses the Net.
2:30 of 1st period - Snap shot by Evgeny Kuznetsov.
2:30 of 1st period - Stopped by Jacob Markstrom without a rebound.
2:31 of 1st period - Evgeny Kuznetsov wins face-off versus Tomas Nosek in Montreal Canadiens zone.
2:40 of 1st period - Wrist shot by Nikita Kucherov.
2:40 of 1st period - Stopped by Jacob Markstrom without a rebound.
2:41 of 1st period - Sidney Crosby wins face-off versus Dylan Strome in Montreal Canadiens zone.
2:48 of 1st period - Snap shot by Sidney Crosby.
2:48 of 1st period - Stopped by Ilya Samsonov without a rebound.
2:49 of 1st period - Sidney Crosby wins face-off versus Tim Stutzle in Colorado Rockies zone.
2:58 of 1st period - Wrist shot by Patrik Laine.
2:58 of 1st period - Stopped by Ilya Samsonov with a rebound.
3:00 of 1st period - Slapshot by Tyler Myers.
3:00 of 1st period - Shot Blocked by Victor Hedman.
3:02 of 1st period - Slapshot by Adam Fox.
3:02 of 1st period - Shot Misses the Net.
3:04 of 1st period - Slapshot by Adam Fox.
3:04 of 1st period - Shot Misses the Net.
3:06 of 1st period - Slapshot by Adam Fox.
3:06 of 1st period - Shot Misses the Net.
3:10 of 1st period - Wrist shot by Filip Forsberg.
3:10 of 1st period - Goal by Filip Forsberg - Montreal Canadiens : 1 - Colorado Rockies : 0.
3:11 of 1st period - Dylan Larkin wins face-off versus Ryan O'Reilly in neutral zone.
3:30 of 1st period - Tyler Myers is hit by Victor Hedman and loses puck.
4:12 of 1st period - Slapshot by Tim Stutzle.
4:12 of 1st period - Shot Misses the Net.
4:54 of 1st period - Wrist shot by David Pastrnak.
4:54 of 1st period - Shot Misses the Net.
4:56 of 1st period - Wrist shot by Nick Schmaltz.
4:56 of 1st period - Shot Misses the Net.
5:02 of 1st period - Minor Penalty to Scott Mayfield for Interference.
5:03 of 1st period - Evgeny Kuznetsov wins face-off versus Filip Forsberg in Montreal Canadiens zone.
5:56 of 1st period - Brady Skjei is hit by Evgeny Kuznetsov.
7:01 of 1st period - Martin Fehervary is hit by Tyson Jost and loses puck.
7:02 of 1st period - Penalty to Scott Mayfield is over, Scott Mayfield is back on ice.
7:08 of 1st period - Snap shot by Jonathan Marchessault.
7:08 of 1st period - Shot Misses the Net.
7:10 of 1st period - Slapshot by Scott Mayfield.
7:10 of 1st period - Deflect By Jonathan Marchessault.
7:10 of 1st period - Stopped by Ilya Samsonov with a rebound.
7:12 of 1st period - Wrist shot by Tyson Jost.
7:12 of 1st period - Shot Blocked by Evgeny Kuznetsov.
7:14 of 1st period - Slapshot by Martin Necas.
7:14 of 1st period - Deflect By Jonathan Marchessault.
7:14 of 1st period - Shot Blocked by Zach Werenski.
7:14 of 1st period - Puck is out of play.
7:15 of 1st period - Tomas Nosek wins face-off versus Dylan Strome in Colorado Rockies zone.
8:02 of 1st period - David Pastrnak is hit by Adam Fox and loses puck.
8:08 of 1st period - Off-side.
8:09 of 1st period - Ryan O'Reilly wins face-off versus Jonathan Marchessault in neutral zone.
8:35 of 1st period - Tim Stutzle is hit by Filip Forsberg and loses puck.
9:45 of 1st period - Snap shot by Jakub Vrana.
9:45 of 1st period - Stopped by Jacob Markstrom without a rebound.
9:46 of 1st period - Nick Bonino wins face-off versus Sidney Crosby in Montreal Canadiens zone.
9:47 of 1st period - Snap shot by Roman Josi.
9:47 of 1st period - Stopped by Jacob Markstrom without a rebound.
9:48 of 1st period - Sidney Crosby wins face-off versus Evgeny Kuznetsov in Montreal Canadiens zone.
10:01 of 1st period - Slapshot by Evgeny Kuznetsov.
10:01 of 1st period - Shot Blocked by Sidney Crosby.
10:03 of 1st period - Wrist shot by Nikita Kucherov.
10:03 of 1st period - Shot Misses the Net.
10:05 of 1st period - Slapshot by Roman Josi.
10:05 of 1st period - Stopped by Jacob Markstrom with a rebound.
11:02 of 1st period - Snap shot by Jake Evans.
11:02 of 1st period - Stopped by Ilya Samsonov without a rebound.
11:03 of 1st period - Kevin Hayes wins face-off versus Martin Necas in Colorado Rockies zone.
11:16 of 1st period - Snap shot by Jakub Vrana.
11:16 of 1st period - Stopped by Jacob Markstrom with a rebound.
11:18 of 1st period - Wrist shot by Nick Bonino.
11:18 of 1st period - Stopped by Jacob Markstrom with a rebound.
11:20 of 1st period - Snap shot by Kevin Hayes.
11:20 of 1st period - Stopped by Jacob Markstrom without a rebound.
11:21 of 1st period - Dylan Larkin wins face-off versus Evgeny Kuznetsov in Montreal Canadiens zone.
11:21 of 1st period - Dylan Larkin is hit by Evgeny Kuznetsov.
11:33 of 1st period - Snap shot by Jonathan Marchessault.
11:33 of 1st period - Stopped by Ilya Samsonov without a rebound.
11:34 of 1st period - Dylan Strome wins face-off versus Sidney Crosby in Colorado Rockies zone.
11:48 of 1st period - Icing by Sidney Crosby.
11:49 of 1st period - Sidney Crosby wins face-off versus Nikita Kucherov in Montreal Canadiens zone.
12:12 of 1st period - Wrist shot by Sidney Crosby.
12:12 of 1st period - Stopped by Ilya Samsonov with a rebound.
12:30 of 1st period - Wrist shot by Evgeny Kuznetsov.
12:30 of 1st period - Deflect By Nikita Kucherov.
12:30 of 1st period - Shot Misses the Net.
12:30 of 1st period - Puck is out of play.
12:31 of 1st period - Dylan Larkin wins face-off versus Ryan O'Reilly in Montreal Canadiens zone.
12:40 of 1st period - Wrist shot by David Pastrnak.
12:40 of 1st period - Shot Misses the Net.
12:58 of 1st period - Dylan Larkin is hit by Roman Josi and loses puck.
13:23 of 1st period - Slapshot by Jesper Bratt.
13:23 of 1st period - Goal by Jesper Bratt - Montreal Canadiens : 1 - Colorado Rockies : 1.
13:24 of 1st period - Dylan Strome wins face-off versus Martin Necas in neutral zone.
13:31 of 1st period - Snap shot by Jesper Bratt.
13:31 of 1st period - Stopped by Jacob Markstrom with a rebound.
13:33 of 1st period - Slapshot by Quinn Hughes.
13:33 of 1st period - Shot Blocked by Martin Necas.
13:35 of 1st period - Slapshot by Jesper Bratt.
13:35 of 1st period - Stopped by Jacob Markstrom with a rebound.
13:37 of 1st period - Snap shot by Dylan Strome.
13:37 of 1st period - Shot Misses the Net.
13:39 of 1st period - Snap shot by Tim Stutzle.
13:39 of 1st period - Stopped by Jacob Markstrom with a rebound.
13:41 of 1st period - Slapshot by Victor Hedman.
13:41 of 1st period - Shot Blocked by Tyson Jost.
13:47 of 1st period - Minor Penalty to Tyler Myers for Hooking.
13:48 of 1st period - Evgeny Kuznetsov wins face-off versus Dylan Larkin in Montreal Canadiens zone.
15:47 of 1st period - Penalty to Tyler Myers is over, Tyler Myers is back on ice.
15:53 of 1st period - Filip Forsberg is hit by Kevin Hayes and loses puck.
16:06 of 1st period - Snap shot by Jakub Vrana.
16:06 of 1st period - Stopped by Jacob Markstrom with a rebound.
16:18 of 1st period - Slapshot by Adam Fox.
16:18 of 1st period - Stopped by Ilya Samsonov without a rebound.
16:19 of 1st period - Martin Necas wins face-off versus Dylan Strome in Colorado Rockies zone.
16:43 of 1st period - Wrist shot by Tim Stutzle.
16:43 of 1st period - Shot Misses the Net.
16:45 of 1st period - Slapshot by Martin Fehervary.
16:45 of 1st period - Shot Misses the Net.
16:47 of 1st period - Snap shot by Martin Fehervary.
16:47 of 1st period - Shot Misses the Net.
16:49 of 1st period - Snap shot by Dylan Strome.
16:49 of 1st period - Stopped by Jacob Markstrom without a rebound.
16:50 of 1st period - David Pastrnak wins face-off versus Jonathan Marchessault in Montreal Canadiens zone.
16:53 of 1st period - Wrist shot by Ryan O'Reilly.
16:53 of 1st period - Stopped by Jacob Markstrom with a rebound.
17:43 of 1st period - Wrist shot by Jake Evans.
17:43 of 1st period - Stopped by Ilya Samsonov with a rebound.
19:02 of 1st period - Wrist shot by Jack Quinn.
19:02 of 1st period - Deflect By Tomas Nosek.
19:02 of 1st period - Stopped by Ilya Samsonov with a rebound.
19:24 of 1st period - Off-side.
19:25 of 1st period - Ryan O'Reilly wins face-off versus Dylan Larkin in neutral zone.
19:50 of 1st period - Dylan Larkin is hit by Ryan O'Reilly and loses puck.
19:58 of 1st period - Snap shot by Nick Schmaltz.
19:58 of 1st period - Shot Misses the Net.
Goals for this period are 1 for Montreal Canadiens vs 1 for Colorado Rockies.
Shots for this period are 10 for Montreal Canadiens vs 19 for Colorado Rockies.
2nd period
0:01 of 2nd period - Sidney Crosby wins face-off versus Evgeny Kuznetsov in neutral zone.
0:58 of 2nd period - Patrik Laine is hit by Dylan Strome and loses puck.
1:19 of 2nd period - Minor Penalty to Patrik Laine for Roughing.
1:20 of 2nd period - Dylan Larkin wins face-off versus Evgeny Kuznetsov in Montreal Canadiens zone.
3:19 of 2nd period - Penalty to Patrik Laine is over, Patrik Laine is back on ice.
3:52 of 2nd period - Snap shot by Christian Fischer.
3:52 of 2nd period - Shot Misses the Net.
4:00 of 2nd period - Jack Quinn is hit by Shea Theodore and loses puck.
4:13 of 2nd period - Tyson Jost is hit by Kyle Connor and loses puck.
4:39 of 2nd period - Wrist shot by Tyson Jost.
4:39 of 2nd period - Shot Blocked by Victor Hedman.
4:41 of 2nd period - Slapshot by Tyson Jost.
4:41 of 2nd period - Stopped by Ilya Samsonov with a rebound.
4:43 of 2nd period - Wrist shot by Jake Evans.
4:43 of 2nd period - Stopped by Ilya Samsonov without a rebound.
4:44 of 2nd period - Evgeny Kuznetsov wins face-off versus Sidney Crosby in Colorado Rockies zone.
4:57 of 2nd period - Snap shot by Nikita Kucherov.
4:57 of 2nd period - Shot Blocked by Brady Skjei.
4:59 of 2nd period - Slapshot by Shea Theodore.
4:59 of 2nd period - Stopped by Jacob Markstrom without a rebound.
5:00 of 2nd period - Dylan Larkin wins face-off versus Ryan O'Reilly in Montreal Canadiens zone.
5:07 of 2nd period - Slapshot by Jonathan Marchessault.
5:07 of 2nd period - Stopped by Ilya Samsonov without a rebound.
5:08 of 2nd period - Ryan O'Reilly wins face-off versus Dylan Larkin in Colorado Rockies zone.
5:22 of 2nd period - Off-side.
5:23 of 2nd period - Evgeny Kuznetsov wins face-off versus Martin Necas in neutral zone.
5:34 of 2nd period - Wrist shot by Nikita Kucherov.
5:34 of 2nd period - Shot Misses the Net.
5:37 of 2nd period - Icing by Filip Hronek.
5:38 of 2nd period - Ryan O'Reilly wins face-off versus Martin Necas in Montreal Canadiens zone.
6:09 of 2nd period - Snap shot by Jonathan Marchessault.
6:09 of 2nd period - Shot Misses the Net.
6:11 of 2nd period - Wrist shot by Filip Hronek.
6:11 of 2nd period - Shot Misses the Net.
6:13 of 2nd period - Slapshot by Filip Hronek.
6:13 of 2nd period - Shot Misses the Net.
6:15 of 2nd period - Wrist shot by Dylan Larkin.
6:15 of 2nd period - Shot Misses the Net.
6:17 of 2nd period - Slapshot by Dylan Larkin.
6:17 of 2nd period - Goal by Dylan Larkin - Montreal Canadiens : 2 - Colorado Rockies : 1.
6:18 of 2nd period - Ryan O'Reilly wins face-off versus Dylan Larkin in neutral zone.
6:21 of 2nd period - Wrist shot by Dylan Larkin.
6:21 of 2nd period - Stopped by Ilya Samsonov with a rebound.
6:29 of 2nd period - Snap shot by Nick Schmaltz.
6:29 of 2nd period - Shot Misses the Net.
6:31 of 2nd period - Wrist shot by David Pastrnak.
6:31 of 2nd period - Shot Misses the Net.
6:33 of 2nd period - Slapshot by Quinn Hughes.
6:33 of 2nd period - Stopped by Jacob Markstrom with a rebound.
6:49 of 2nd period - Wrist shot by Tim Stutzle.
6:49 of 2nd period - Shot Misses the Net.
6:53 of 2nd period - Snap shot by Jesper Bratt.
6:53 of 2nd period - Shot Blocked by Dylan Larkin.
6:55 of 2nd period - Slapshot by Zach Werenski.
6:55 of 2nd period - Stopped by Jacob Markstrom with a rebound.
6:57 of 2nd period - Slapshot by Zach Werenski.
6:57 of 2nd period - Shot Misses the Net.
6:59 of 2nd period - Snap shot by Tim Stutzle.
6:59 of 2nd period - Shot Blocked by Miles Wood.
7:16 of 2nd period - Minor Penalty to Evgeny Kuznetsov for Interference.
7:17 of 2nd period - Nick Bonino wins face-off versus Sidney Crosby in Colorado Rockies zone.
7:26 of 2nd period - Off-side.
7:27 of 2nd period - Sidney Crosby wins face-off versus Nick Bonino in neutral zone.
7:34 of 2nd period - Snap shot by Filip Forsberg.
7:34 of 2nd period - Shot Blocked by Kevin Hayes.
7:36 of 2nd period - Slapshot by Tyler Myers.
7:36 of 2nd period - Shot Misses the Net.
7:38 of 2nd period - Snap shot by Adam Fox.
7:38 of 2nd period - Shot Blocked by Nick Bonino.
7:58 of 2nd period - Snap shot by Sidney Crosby.
7:58 of 2nd period - Stopped by Ilya Samsonov without a rebound.
7:59 of 2nd period - Dylan Larkin wins face-off versus Nick Bonino in Colorado Rockies zone.
8:00 of 2nd period - Slapshot by Jonathan Marchessault.
8:00 of 2nd period - Stopped by Ilya Samsonov with a rebound.
8:02 of 2nd period - Wrist shot by Miles Wood.
8:02 of 2nd period - Stopped by Ilya Samsonov without a rebound.
8:03 of 2nd period - Dylan Larkin wins face-off versus Nick Bonino in Colorado Rockies zone.
9:16 of 2nd period - Penalty to Evgeny Kuznetsov is over, Evgeny Kuznetsov is back on ice.
9:32 of 2nd period - Slapshot by Nikita Kucherov.
9:32 of 2nd period - Stopped by Jacob Markstrom with a rebound.
9:44 of 2nd period - David Pastrnak is hit by Christian Fischer and loses puck.
9:53 of 2nd period - Christian Fischer is hit by David Pastrnak and loses puck.
10:09 of 2nd period - Tim Stutzle is hit by Christian Fischer and loses puck.
10:18 of 2nd period - Wrist shot by Jack Quinn.
10:18 of 2nd period - Stopped by Ilya Samsonov with a rebound.
10:20 of 2nd period - Slapshot by Brady Skjei.
10:20 of 2nd period - Shot Misses the Net.
10:22 of 2nd period - Snap shot by Tomas Nosek.
10:22 of 2nd period - Shot Misses the Net.
10:24 of 2nd period - Slapshot by Brady Skjei.
10:24 of 2nd period - Shot Blocked by Victor Hedman.
10:42 of 2nd period - Slapshot by Adam Fox.
10:42 of 2nd period - Stopped by Ilya Samsonov without a rebound.
10:43 of 2nd period - Ryan O'Reilly wins face-off versus Sidney Crosby in Colorado Rockies zone.
10:43 of 2nd period - Ryan O'Reilly is hit by Patrik Laine.
10:51 of 2nd period - Slapshot by Nick Schmaltz.
10:51 of 2nd period - Stopped by Jacob Markstrom without a rebound.
10:52 of 2nd period - Sidney Crosby wins face-off versus Ryan O'Reilly in Montreal Canadiens zone.
11:29 of 2nd period - Wrist shot by Nick Schmaltz.
11:29 of 2nd period - Shot Blocked by Filip Hronek.
11:31 of 2nd period - Slapshot by Nick Schmaltz.
11:31 of 2nd period - Shot Misses the Net.
11:49 of 2nd period - Snap shot by Nick Schmaltz.
11:49 of 2nd period - Stopped by Jacob Markstrom with a rebound.
11:55 of 2nd period - Wrist shot by Ryan O'Reilly.
11:55 of 2nd period - Stopped by Jacob Markstrom without a rebound.
11:56 of 2nd period - Evgeny Kuznetsov wins face-off versus Jonathan Marchessault in Montreal Canadiens zone.
12:01 of 2nd period - Wrist shot by Nikita Kucherov.
12:01 of 2nd period - Stopped by Jacob Markstrom without a rebound.
12:02 of 2nd period - Evgeny Kuznetsov wins face-off versus Dylan Larkin in Montreal Canadiens zone.
12:25 of 2nd period - Minor Penalty to Tyler Myers for Interference.
12:26 of 2nd period - Sidney Crosby wins face-off versus Evgeny Kuznetsov in Montreal Canadiens zone.
12:43 of 2nd period - Slapshot by Nikita Kucherov.
12:43 of 2nd period - Stopped by Jacob Markstrom with a rebound.
14:25 of 2nd period - Penalty to Tyler Myers is over, Tyler Myers is back on ice.
14:30 of 2nd period - Slapshot by Patrik Laine.
14:30 of 2nd period - Stopped by Ilya Samsonov without a rebound.
14:31 of 2nd period - Martin Necas wins face-off versus Jesper Bratt in Colorado Rockies zone.
14:32 of 2nd period - Wrist shot by Jake Evans.
14:32 of 2nd period - Shot Blocked by Shea Theodore.
14:34 of 2nd period - Wrist shot by Tyson Jost.
14:34 of 2nd period - Shot Misses the Net.
14:46 of 2nd period - Slapshot by Dylan Strome.
14:46 of 2nd period - Shot Misses the Net.
14:58 of 2nd period - Slapshot by Dylan Strome.
14:58 of 2nd period - Stopped by Jacob Markstrom without a rebound.
14:59 of 2nd period - Nick Bonino wins face-off versus Tomas Nosek in Montreal Canadiens zone.
15:34 of 2nd period - Slapshot by Jakub Vrana.
15:34 of 2nd period - Shot Misses the Net.
15:36 of 2nd period - Slapshot by Quinn Hughes.
15:36 of 2nd period - Deflect By Kevin Hayes.
15:36 of 2nd period - Shot Misses the Net.
15:36 of 2nd period - Puck is out of play.
15:37 of 2nd period - Dylan Larkin wins face-off versus Evgeny Kuznetsov in Montreal Canadiens zone.
16:28 of 2nd period - Slapshot by Zach Werenski.
16:28 of 2nd period - Shot Misses the Net.
16:30 of 2nd period - Snap shot by Roman Josi.
16:30 of 2nd period - Shot Blocked by Filip Forsberg.
17:10 of 2nd period - Snap shot by Jonathan Marchessault.
17:10 of 2nd period - Stopped by Ilya Samsonov without a rebound.
17:11 of 2nd period - Dylan Larkin wins face-off versus Ryan O'Reilly in Colorado Rockies zone.
17:14 of 2nd period - Snap shot by Dylan Larkin.
17:14 of 2nd period - Shot Blocked by Nick Schmaltz.
17:16 of 2nd period - Slapshot by Alexandre Carrier.
17:16 of 2nd period - Stopped by Ilya Samsonov with a rebound.
17:18 of 2nd period - Snap shot by Jonathan Marchessault.
17:18 of 2nd period - Shot Misses the Net.
17:24 of 2nd period - Wrist shot by Miles Wood.
17:24 of 2nd period - Deflect By Jonathan Marchessault.
17:24 of 2nd period - Stopped by Ilya Samsonov without a rebound.
17:25 of 2nd period - Dylan Strome wins face-off versus Martin Necas in Colorado Rockies zone.
17:30 of 2nd period - Slapshot by Jake Evans.
17:30 of 2nd period - Stopped by Ilya Samsonov without a rebound.
17:31 of 2nd period - Dylan Strome wins face-off versus Martin Necas in Colorado Rockies zone.
17:36 of 2nd period - Slapshot by Victor Hedman.
17:36 of 2nd period - Stopped by Jacob Markstrom without a rebound.
17:37 of 2nd period - Dylan Larkin wins face-off versus Evgeny Kuznetsov in Montreal Canadiens zone.
17:48 of 2nd period - Dylan Larkin is hit by Quinn Hughes and loses puck.
18:03 of 2nd period - Patrik Laine is hit by Quinn Hughes and loses puck.
18:45 of 2nd period - Zach Werenski is hit by Brady Skjei and loses puck.
18:56 of 2nd period - Snap shot by Evgeny Kuznetsov.
18:56 of 2nd period - Shot Blocked by Brady Skjei.
18:58 of 2nd period - Slapshot by Nikita Kucherov.
18:58 of 2nd period - Goal by Nikita Kucherov - Montreal Canadiens : 2 - Colorado Rockies : 2.
18:59 of 2nd period - Dylan Larkin wins face-off versus Dylan Strome in neutral zone.
19:01 of 2nd period - Minor Penalty to Scott Mayfield for Hooking.
19:02 of 2nd period - Filip Forsberg wins face-off versus Evgeny Kuznetsov in Montreal Canadiens zone.
19:36 of 2nd period - Snap shot by David Pastrnak.
19:36 of 2nd period - Stopped by Jacob Markstrom without a rebound.
19:37 of 2nd period - Dylan Larkin wins face-off versus Evgeny Kuznetsov in Montreal Canadiens zone.
Goals for this period are 1 for Montreal Canadiens vs 1 for Colorado Rockies.
Shots for this period are 15 for Montreal Canadiens vs 13 for Colorado Rockies.
3rd period
0:01 of 3rd period - Evgeny Kuznetsov wins face-off versus Sidney Crosby in neutral zone.
1:01 of 3rd period - Penalty to Scott Mayfield is over, Scott Mayfield is back on ice.
1:12 of 3rd period - Slapshot by Sidney Crosby.
1:12 of 3rd period - Stopped by Ilya Samsonov without a rebound.
1:13 of 3rd period - Dylan Larkin wins face-off versus Nick Bonino in Colorado Rockies zone.
2:11 of 3rd period - Snap shot by Kevin Hayes.
2:11 of 3rd period - Stopped by Jacob Markstrom without a rebound.
2:12 of 3rd period - David Pastrnak wins face-off versus Sidney Crosby in Montreal Canadiens zone.
3:37 of 3rd period - Icing by Ryan O'Reilly.
3:38 of 3rd period - Martin Necas wins face-off versus Dylan Strome in Colorado Rockies zone.
3:45 of 3rd period - Snap shot by Tyson Jost.
3:45 of 3rd period - Shot Blocked by Shea Theodore.
3:51 of 3rd period - Snap shot by Tyson Jost.
3:51 of 3rd period - Shot Misses the Net.
4:02 of 3rd period - Icing by Filip Forsberg.
4:03 of 3rd period - Evgeny Kuznetsov wins face-off versus Sidney Crosby in Montreal Canadiens zone.
4:06 of 3rd period - Wrist shot by Nikita Kucherov.
4:06 of 3rd period - Stopped by Jacob Markstrom without a rebound.
4:07 of 3rd period - Dylan Larkin wins face-off versus Evgeny Kuznetsov in Montreal Canadiens zone.
4:33 of 3rd period - Nick Schmaltz is hit by Tyler Myers and loses puck.
4:56 of 3rd period - Wrist shot by David Pastrnak.
4:56 of 3rd period - Stopped by Jacob Markstrom without a rebound.
4:57 of 3rd period - Dylan Strome wins face-off versus Martin Necas in Montreal Canadiens zone.
5:02 of 3rd period - Wrist shot by Tim Stutzle.
5:02 of 3rd period - Stopped by Jacob Markstrom without a rebound.
5:03 of 3rd period - Dylan Larkin wins face-off versus Dylan Strome in Montreal Canadiens zone.
5:05 of 3rd period - Minor Penalty to Tyler Myers for Holding.
5:06 of 3rd period - Evgeny Kuznetsov wins face-off versus Sidney Crosby in Montreal Canadiens zone.
5:38 of 3rd period - Wrist shot by Filip Forsberg.
5:38 of 3rd period - Shot Blocked by Victor Hedman.
7:05 of 3rd period - Penalty to Tyler Myers is over, Tyler Myers is back on ice.
7:22 of 3rd period - Wrist shot by Martin Necas.
7:22 of 3rd period - Stopped by Ilya Samsonov with a rebound.
7:38 of 3rd period - Wrist shot by Filip Hronek.
7:38 of 3rd period - Stopped by Ilya Samsonov without a rebound.
7:39 of 3rd period - Tomas Nosek wins face-off versus Dylan Strome in Colorado Rockies zone.
7:46 of 3rd period - Snap shot by Jack Quinn.
7:46 of 3rd period - Stopped by Ilya Samsonov without a rebound.
7:47 of 3rd period - Ryan O'Reilly wins face-off versus Dylan Larkin in Colorado Rockies zone.
7:49 of 3rd period - Minor Penalty to Martin Fehervary for Hooking.
7:50 of 3rd period - Nick Bonino wins face-off versus Dylan Larkin in Colorado Rockies zone.
9:26 of 3rd period - Miles Wood is hit by Quinn Hughes.
9:49 of 3rd period - Penalty to Martin Fehervary is over, Martin Fehervary is back on ice.
10:08 of 3rd period - Minor Penalty to Dylan Strome for Holding.
10:09 of 3rd period - Dylan Larkin wins face-off versus Nick Bonino in Colorado Rockies zone.
10:37 of 3rd period - Slapshot by Sidney Crosby.
10:37 of 3rd period - Shot Misses the Net.
10:48 of 3rd period - Icing by Filip Hronek.
10:49 of 3rd period - Nick Bonino wins face-off versus Dylan Larkin in Montreal Canadiens zone.
11:08 of 3rd period - Snap shot by Sidney Crosby.
11:08 of 3rd period - Stopped by Ilya Samsonov with a rebound.
11:32 of 3rd period - Minor Penalty to Adam Fox for Roughing.
11:33 of 3rd period - Sidney Crosby wins face-off versus Evgeny Kuznetsov in Montreal Canadiens zone.
11:38 of 3rd period - Tyler Myers is hit by Evgeny Kuznetsov and loses puck.
11:45 of 3rd period - Snap shot by Evgeny Kuznetsov.
11:45 of 3rd period - Deflect By Nikita Kucherov.
11:45 of 3rd period - Shot Misses the Net.
11:45 of 3rd period - Puck is out of play.
11:46 of 3rd period - Dylan Larkin wins face-off versus Evgeny Kuznetsov in Montreal Canadiens zone.
12:08 of 3rd period - Penalty to Dylan Strome is over, Dylan Strome is back on ice.
12:56 of 3rd period - Tyler Myers is hit by Victor Hedman.
13:32 of 3rd period - Penalty to Adam Fox is over, Adam Fox is back on ice.
13:46 of 3rd period - Nick Bonino is hit by Patrik Laine and loses puck.
14:35 of 3rd period - David Pastrnak is hit by Filip Hronek and loses puck.
14:50 of 3rd period - Backhand shot by Jakub Vrana.
14:50 of 3rd period - Shot Misses the Net.
15:04 of 3rd period - Shea Theodore is hit by Tyson Jost and loses puck.
15:18 of 3rd period - Martin Necas is hit by Jesper Bratt and loses puck.
15:55 of 3rd period - Snap shot by Tim Stutzle.
15:55 of 3rd period - Stopped by Jacob Markstrom without a rebound.
15:56 of 3rd period - Evgeny Kuznetsov wins face-off versus Tomas Nosek in Montreal Canadiens zone.
16:19 of 3rd period - Double Minor Penalty to Jack Quinn for Roughing.
16:20 of 3rd period - Evgeny Kuznetsov wins face-off versus Sidney Crosby in Montreal Canadiens zone.
18:38 of 3rd period - Ryan O'Reilly is hit by Tyler Myers and loses puck.
Goals for this period are 0 for Montreal Canadiens vs 0 for Colorado Rockies.
Shots for this period are 5 for Montreal Canadiens vs 5 for Colorado Rockies.
Overtime #1
0:01 of 1st overtime period - Evgeny Kuznetsov wins face-off versus Sidney Crosby in neutral zone.
0:12 of 1st overtime period - Snap shot by Nikita Kucherov.
0:12 of 1st overtime period - Stopped by Jacob Markstrom without a rebound.
0:13 of 1st overtime period - Evgeny Kuznetsov wins face-off versus Filip Forsberg in Montreal Canadiens zone.
0:14 of 1st overtime period - Snap shot by Nikita Kucherov.
0:14 of 1st overtime period - Shot Misses the Net.
0:16 of 1st overtime period - Snap shot by Nikita Kucherov.
0:16 of 1st overtime period - Stopped by Jacob Markstrom without a rebound.
0:17 of 1st overtime period - Evgeny Kuznetsov wins face-off versus Filip Forsberg in Montreal Canadiens zone.
0:19 of 1st overtime period - Penalty to Jack Quinn is over, Jack Quinn is back on ice.
1:45 of 1st overtime period - Adam Fox is hit by Jesper Bratt and loses puck.
2:09 of 1st overtime period - Filip Hronek is hit by Roman Josi and loses puck.
2:44 of 1st overtime period - Patrik Laine is hit by Tim Stutzle and loses puck.
4:02 of 1st overtime period - Filip Forsberg is hit by Ryan O'Reilly and loses puck.
4:18 of 1st overtime period - Icing by Zach Werenski.
4:19 of 1st overtime period - Jesper Bratt wins face-off versus Martin Necas in Colorado Rockies zone.
4:26 of 1st overtime period - Wrist shot by Jesper Bratt.
4:26 of 1st overtime period - Shot Misses the Net.
4:28 of 1st overtime period - Slapshot by Martin Fehervary.
4:28 of 1st overtime period - Deflect By Jesper Bratt.
4:28 of 1st overtime period - Stopped by Jacob Markstrom with a rebound.
Goals for this period are 0 for Montreal Canadiens vs 0 for Colorado Rockies.
Shots for this period are 0 for Montreal Canadiens vs 3 for Colorado Rockies.
ShootOut
5:00 of 1st overtime period - Round #1.
5:00 of 1st overtime period - Montreal Canadiens, Sidney Crosby.
5:00 of 1st overtime period - Snap shot by Sidney Crosby.
5:00 of 1st overtime period - Stopped by Ilya Samsonov.
5:00 of 1st overtime period - Colorado Rockies, Kevin Hayes.
5:00 of 1st overtime period - Deke by Kevin Hayes.
5:00 of 1st overtime period - Stopped by Jacob Markstrom.
5:00 of 1st overtime period - Round #2.
5:00 of 1st overtime period - Montreal Canadiens, Filip Forsberg.
5:00 of 1st overtime period - Snap shot by Filip Forsberg.
5:00 of 1st overtime period - Stopped by Ilya Samsonov.
5:00 of 1st overtime period - Colorado Rockies, Jesper Bratt.
5:00 of 1st overtime period - Deke by Jesper Bratt.
5:00 of 1st overtime period - Shot Misses the Net.
5:00 of 1st overtime period - Round #3.
5:00 of 1st overtime period - Montreal Canadiens, Dylan Larkin.
5:00 of 1st overtime period - Deke by Dylan Larkin.
5:00 of 1st overtime period - Goal by Dylan Larkin.
5:00 of 1st overtime period - Colorado Rockies, Evgeny Kuznetsov.
5:00 of 1st overtime period - Wrist shot by Evgeny Kuznetsov.
5:00 of 1st overtime period - Shot Misses the Net.
Back to the Top